cohdb
Replays
Latest Replays
All Replays
Popular Replays
Top Player Replays
Match Explorer
How It Works
Community
CoH3 Stats
Reddit
Sign in to upload your games and track your stats! →
Sign in with Steam
Match 39422314
Unlisted
Match 39422314
Overview
Messages
Build Orders
End
Royal Engineer Section
Construct Section Command Post
Selects Canadian Shock Battlegroup
Selects Canadian Shock Battlegroup
Infantry Section
Vickers Machine Gun Team
Selects Attacking Spirit
Selects Canadian Shock Section
Canadian Shock Section
Construct Field Infirmary
Grenade Package
Construct Platoon Command Post
Selects Incendiary Munitions
Humber Armored Car
Canadian Shock Section
Construct Company Command Post
Selects Pyrotechnics
Selects Demolition Engineering
Demolition Engineering
Crusader II Medium Tank
Dr. Jekyll
PutPut-AusarTheVile
Evelynn
ClaudiaEnfield
0
0
Comments
sign in to comment!
No comments posted yet!